 Dungeon Crawl Stone Soup version 0.27.1-33-g824d729ab1 (webtiles) character file.

Game seed: 13412773675314018047

686 Destapler the Covered (level 7, -5/63 HPs)
             Began as a Minotaur Fighter on Dec 8, 2021.
             Was a Follower of Okawaru.
             Killed by divine providence
             ... invoked by an orc priest
              (13 damage)
             ... on level 6 of the Dungeon.
             The game lasted 00:06:05 (4234 turns).

Destapler the Covered (Minotaur Fighter)            Turns: 4234, Time: 00:06:05

Health: -5/63      AC: 12    Str: 23    XL:     7   Next: 35%
Magic:  15/15      EV:  8    Int:  5    God:    Okawaru [*.....]
Gold:   246        SH: 10    Dex:  9    Spells: 6/6 levels left

rFire    . . .     SeeInvis .   n - +3 hand axe
rCold    . . .     Faith    .   c - +0 kite shield
rNeg     . . .     Spirit   .   b - +0 scale mail
rPois    .         Reflect  .   (helmet restricted)
rElec    .         Harm     +   p - +1 cloak
rCorr    .         Rampage  .   g - +0 pair of gloves
Will     +....                  y - +0 pair of boots of the Louse {Harm Regen+ MP+9}
Stlth    ..........             (no amulet)
HPRegen  1.20/turn              f - ring of willpower
MPRegen  0.14/turn              (no ring)

@: no status effects
A: horns 2, retaliatory headbutt
a: Renounce Religion, Heroism


You were on level 6 of the Dungeon.
You worshipped Okawaru.
Okawaru was aware of your devotion.
You visited 1 branch of the dungeon, and saw 6 of its levels.

You collected 246 gold pieces.

Inventory:

Hand Weapons
 a - a +0 war axe
 n - a +3 hand axe (weapon)
Missiles
 q - 22 poisoned darts
 r - a throwing net
 t - 5 boomerangs
Armour
 b - a +0 scale mail (worn)
 c - a +0 kite shield (worn)
 g - a +0 pair of gloves (worn)
 h - a +0 pair of boots
 p - a +1 cloak (worn)
 y - the +0 pair of boots of the Louse (worn) {Harm Regen+ MP+9}
   (You found it on level 5 of the Dungeon)

   MP:        It affects your magic capacity (+9).
   Regen:     It increases your rate of health regeneration.
   Harm:      It increases damage dealt and taken.
Jewellery
 f - a ring of willpower (left hand)
Wands
 v - a wand of polymorph (11)
 w - a wand of mindburst (11) (quivered)
Scrolls
 i - a scroll of enchant weapon {unknown}
 l - 2 scrolls of teleportation {unknown}
 m - a scroll of summoning {unknown}
 s - 2 scrolls of fog {unknown}
 u - a scroll of identify
Potions
 d - a potion of might
 e - a potion of attraction
 j - a potion of brilliance {unknown}
 k - a potion of curing {unknown}
 o - 2 potions of mutation {unknown}
 x - a potion of cancellation {unknown}
 z - a potion of berserk rage {unknown}
 A - a potion of ambrosia {unknown}


   Skills:
 + Level 6.0 Fighting
 + Level 5.3 Axes
 + Level 6.1 Armour
 + Level 6.0 Shields


You had 6 spell levels left.
You didn't know any spells.
Your spell library contained the following spells:

 Spells                   Type           Power      Damage    Failure   Level
 Summon Small Mammal      Summ           0%         N/A       99%         1
 Call Canine Familiar     Summ           0%         N/A       100%        3
 Summon Guardian Golem    Hex/Summ       0%         N/A       100%        3


Dungeon Overview and Level Annotations

Branches:
Dungeon (6/15)             Temple (0/1) D:4

Altars:
Hepliaklqana
Makhleb
Okawaru

Shops:
D:4 :


Innate Abilities, Weirdness & Mutations

You have a pair of horns on your head.
You reflexively headbutt those who attack you in melee.


Message History

The magic dart hits you.
You miss something. Your headbutt misses something.
Something hits you but does no damage. Something hits you.
Unknown command.
You barely miss something.
The orc priest invokes the aid of Beogh against you.
Beogh smites you!
You hear some strange, mumbled words.
A puff of flame appears from out of thin air!
The puff of flame misses you.
The orc priest invokes the aid of Beogh against you.
You closely miss something. Your headbutt misses something.
You hear some strange, mumbled words.
A magic dart appears from out of thin air!
The magic dart hits you!
You closely miss something. Something hits you.
The orc priest invokes the aid of Beogh against you.
Beogh smites you!
* * * LOW HITPOINT WARNING * * *
You miss something.
An orc priest comes into view. It is wielding a +0 dagger.
Something hits you but does no damage.
The orc priest mumbles some strange prayers to Beogh against you.
Something writhes in agony!
Reactivating autopickup.
You feel a bit more experienced.
Your Fighting skill increases to level 6!
The orc priest invokes the aid of Beogh against you.
You resist with some effort. The orc priest completely misses you.
Items here: )) [[ †.
You hit the orc priest. Your headbutt misses the orc priest.
The orc priest is lightly wounded.
You hit the orc priest.
The orc priest mumbles some strange prayers to Beogh against you.
Beogh smites you!
* * * LOW HITPOINT WARNING * * *
You block the orc priest's attack.
The orc priest calls down the wrath of Beogh upon you.
Beogh smites you!
You die...

#.# #.# #.#
###.##########
#............#
#.######.....#
#..#....##....#
#.
#.##.##....####
#. #.#
.#+....'@o# .
#.# .##....##o#
.# ..# ..####.#
.#. ..# .. #.#
.#.# ... .#.#
#.##.#.# #+#
.#.# .#..


You could see 2 orc priests.

Vanquished Creatures
  Grinder (D:4)
  A howler monkey (D:4)
  A centaur zombie (D:4)
  An orc priest (D:5)
  2 hounds
  A jelly (D:3)
  Crazy Yiuf (D:2)
  2 orc wizards
  5 gnolls
  4 adders
  An ufetubus (D:5)
  12 orcs
  9 ball pythons
  6 bats
  7 endoplasms
  A giant cockroach (D:1)
  6 goblins
  7 hobgoblins
  9 jackals
  13 kobolds
  2 quokkas (D:1)
  4 frilled lizards
  4 rats
100 creatures vanquished.

Vanquished Creatures (others)
  An orc wizard (D:6)
1 creature vanquished.

Grand Total: 101 creatures vanquished

Notes
Turn   | Place    | Note
-------+----------+-------------------------------------------
     0 | D:1      | Destapler the Minotaur Fighter began the quest for the Orb.
     0 | D:1      | Reached XP level 1. HP: 19/19 MP: 0/0
    35 | D:1      | Reached XP level 2. HP: 14/27 MP: 1/1
   303 | D:1      | Reached XP level 3. HP: 31/33 MP: 2/2
   748 | D:2      | Found a hazy altar of Hepliaklqana.
  1046 | D:2      | Found a faded altar of an unknown god.
  1100 | D:2      | Found a runed translucent door.
  1135 | D:2      | Became a worshipper of Warmaster Okawaru
  1135 | D:2      | Reached * piety under Okawaru
  1270 | D:2      | Reached XP level 4. HP: 40/40 MP: 3/3
  1591 | D:2      | Noticed Crazy Yiuf
  1851 | D:2      | Killed Crazy Yiuf
  2182 | D:3      | Reached XP level 5. HP: 38/47 MP: 4/4
  2328 | D:3      | You fall into a shaft and drop 2 floors!
  2328 | D:5      | Entered Level 5 of the Dungeon
  2467 | D:4      | Found Xuosoocs's Book Shoppe.
  2552 | D:4      | Reached skill level 5 in Armour
  2608 | D:4      | Reached skill level 5 in Shields
  2656 | D:3      | Reached skill level 5 in Fighting
  2806 | D:3      | Reached XP level 6. HP: 51/56 MP: 5/5
  3056 | D:4      | Noticed Grinder
  3062 | D:4      | Killed Grinder
  3174 | D:4      | Found a staircase to the Ecumenical Temple.
  3186 | D:4      | Reached skill level 5 in Axes
  3186 | D:4      | Reached XP level 7. HP: 62/62 MP: 6/6
  3193 | D:4      | Found a burning altar of Makhleb.
  3535 | D:5      | Reached ** piety under Okawaru
  3734 | D:5      | Identified the +0 pair of boots of the Louse {Harm Regen+
                  | MP+9}
  4234 | D:6      | Killed from afar by an orc priest

Illustrated notes

Levels and vault maps discovered:
D:1:      lightli_arrival_flooded_house, layout_basic
D:2:      layout_basic, basic_ecumenical_altar, basic_altar,
          chequers_serial_rivers_micro_d, kennysheep_boxes,
          uniq_crazy_yiuf_cottage
D:3:      layout_rooms, grunt_decor_fettered, nrook_campfire
D:4:      layout_cave_pools, mainiacjoe_overflow_alcove_1,
          minmay_temple_entry_junction_2, serial_shops, shop, uniq_grinder
D:5:      layout_basic
D:6:      layout_basic, serial_co_window_serial, co_window_corner_a,
          co_window_paths_a, co_window_corner_a, co_window_corner_a,
          co_window_paths_a, co_window_paths_b, co_window_corner_a,
          co_window_of_opportunity_b, co_window_broadway_b, co_window_corner_cb,
          co_window_paths_d, co_window_sun, kennysheep_potato, uniq_pikel

Skill      XL: |  1  2  3  4  5  6  7 |
---------------+----------------------+-----
Armour         | 4 5 6 |  6.1
Fighting       | 4 5 6 |  6.0
Shields        | 4 5 6 |  6.0
Axes           | 3 4 5 |  5.3

Action                   |  1- 3 |  4- 6 |  7- 9 || total
-------------------------+-------+-------+-------++-------
Melee: War axe           |    96 |     8 |       ||   104
       Headbutt          |    13 |    15 |     2 ||    30
       Hand axe          |       |    71 |    55 ||   126
Invok: Heroism           |       |     2 |       ||     2
Evoke: Wand              |       |     4 |       ||     4
  Use: Scroll            |     2 |       |       ||     2
Armor: Scale mail        |    51 |    32 |    28 ||   111
Dodge: Dodged            |    28 |    34 |    16 ||    78
Block: Kite shield       |    63 |    49 |    29 ||   141
